 Dungeon Crawl Stone Soup version 0.20-a0-1089-g3fde505 (webtiles) character file.

29 Alarkh the Chopper (level 3, 29/29 HPs)
             Began as a Demonspawn Berserker on May 3, 2017.
             Was a Follower of Trog.
             Got out of the dungeon alive.
             The game lasted 00:00:58 (1202 turns).

Alarkh the Chopper (Demonspawn Berserker)           Turns: 1202, Time: 00:00:58

Health: 29/29      AC:  2    Str: 17    XL:     3   Next: 1%
Magic:  3/3        EV: 12    Int:  9    God:    Trog [*.....]
Gold:   17         SH:  0    Dex: 12    Spells: 2/2 levels left

rFire    . . .     SeeInvis .   a - +0 hand axe
rCold    . . .     Gourm    .   (no shield)
rNeg     . . .     Faith    .   b - +0 animal skin
rPois    .         Spirit   .   (helmet restricted)
rElec    .         Reflect  .   (no cloak)
rCorr    .         Harm     .   (no gloves)
MR       .....                  (no boots)
Stlth    +.........             (no amulet)
Regen    0.1/turn               (no ring)
MPRegen  0.1/turn               (no ring)

@: no status effects
A: antennae 1, talons 1
a: Berserk, Burn Spellbooks, Renounce Religion


You escaped.
You worshipped Trog.
Trog was aware of your devotion.
You were not hungry.

You visited 1 branch of the dungeon, and saw 1 of its levels.

You collected 17 gold pieces.

Inventory:

Hand Weapons
 a - a +0 hand axe (weapon)
Armour
 b - a +0 animal skin (worn)
Scrolls
 e - a scroll of fog {unknown}
 f - a scroll of remove curse {unknown}
 g - a scroll of blinking {unknown}
 i - 2 scrolls of teleportation {unknown}
 j - a scroll of identify {unknown}
 k - a scroll of enchant weapon {unknown}
Potions
 d - a potion of curing {unknown}
Comestibles
 c - 2 bread rations
 h - 4 chunks of flesh


   Skills:
 - Level 3.0 Fighting
 + Level 3.8 Axes
 - Level 1.7 Armour
 - Level 1.7 Dodging


You had 2 spell levels left.
You didn't know any spells.

Dungeon Overview and Level Annotations

Branches:
Dungeon (1/15)

Altars:


Innate Abilities, Weirdness & Mutations

You have a pair of small antennae on your head.
You have sharp toenails.


Message History

You claw the dart slug, but do no damage.
The dart slug is severely wounded.
The dart slug barely misses you.
You hit the dart slug.
You kill the dart slug!
Trog accepts your kill.
You have reached level 3!
Your experience leads to an increase in your attributes!
Increase (S)trength, (I)ntelligence, or (D)exterity?
You feel clever.
Your demonic ancestry asserts itself...
A pair of antennae grows on your head!
There is an open door here.
You see here a robe.
You open the door.
There is an open door here.
You see here a stone.
There is an open door here.
There is a staircase leading out of the dungeon here.
Are you sure you want to leave the Dungeon?
This will make you lose the game!
You have escaped!

#......#.############.#.#....
#.######.# #...........
#.######.#########..#........
#####............................
...##.#####################....).
...##.# #.#.# #.#.#.# #....##
......# #+#'#'#+#'#'#'# #....#
.#..#.# ##.#.#.#.#.#.#.####....#
###...# +.......@...^...'.#.#..#
##### ##.#.#.#.#.#.#.####....##
#+#'#'#'#'#'#'# #.#....
#รท#.#(#.#.#.# #.>....
###############.##########......
#..........................##...
#.#############)###.######.##...
#.# #..........# #.##... #.#
#.####.##..######......


There were no monsters in sight!

Vanquished Creatures
  2 dart slugs (D:1)
  2 leopard geckos (D:1)
  A giant cockroach (D:1)
  2 goblins (D:1)
  A hobgoblin (D:1)
  3 jackals (D:1)
  3 bats (D:1)
  2 kobolds (D:1)
  7 rats (D:1)
23 creatures vanquished.

Notes
Turn   | Place    | Note
-------+----------+-------------------------------------------
     0 | D:1      | Alarkh the Demonspawn Berserker began the quest for the Orb.
     0 | D:1      | Reached XP level 1. HP: 18/18 MP: 1/1
   369 | D:1      | Gained mutation: You have sharp toenails. [demonic ancestry]
   369 | D:1      | Reached XP level 2. HP: 13/24 MP: 2/2
  1154 | D:1      | Gained mutation: You have a pair of small antennae on your head. [demonic ancestry]
  1154 | D:1      | Reached XP level 3. HP: 26/29 MP: 3/3
  1202 | D:$      | Got out of the dungeon alive.

Vault maps used:
D:1:      onia_arrival_larder

Skill      XL: |  1 |
---------------+----+-----
Axes           | 3 |  3.8
Fighting       | |  3.0
Armour         | |  1.7
Dodging        | |  1.7

Action                   || total
-------------------------++-------
Melee: Hand axe          ||    71
       Kick              ||     8
Invok: Berserk           ||     2
 Stab: Sleeping          ||     2
  Eat: Chunk             ||     3
Armor: Animal skin       ||    11
Dodge: Dodged            ||    42
